 Dungeon Crawl Stone Soup version 0.23.2-1-ga50397a (webtiles) character file.

Game seed: 3682182556811460972

220 teukkam the Skirmisher (level 5, -9/72 HPs)
             Began as a Minotaur Fighter on June 3, 2019.
             Was a Follower of Zin.
             Killed by divine providence
             ... invoked by an orc priest
              (11 damage)
             ... on level 5 of the Dungeon.
             The game lasted 00:08:19 (2778 turns).

teukkam the Skirmisher (Minotaur Fighter)           Turns: 2778, Time: 00:08:20

Health: -9/72      AC:  7    Str: 27    XL:     5   Next: 64%
Magic:  4/4        EV:  8    Int:  5    God:    Zin [*.....]
Gold:   181        SH: 14    Dex:  9    Spells: 4/4 levels left

rFire    . . .     SeeInvis .   a - +0 war axe
rCold    . . .     Gourm    .   c - +0 shield
rNeg     . . .     Faith    .   d - +0 scale mail
rPois    .         Spirit   .   (helmet restricted)
rElec    .         Reflect  +   (no cloak)
rCorr    .         Harm     .   (no gloves)
MR       +....                  (no boots)
Stlth    ..........             u - +4 amulet of reflection
HPRegen  0.22/turn              p - ring of protection from magic
MPRegen  0.09/turn              (no ring)

@: berserking, very quick
A: retaliatory headbutt, horns 2
a: Recite, Donate Gold, Renounce Religion


You were on level 5 of the Dungeon.
You worshipped Zin.
Zin was aware of your devotion.
You were not hungry.

You visited 1 branch of the dungeon, and saw 5 of its levels.

You collected 201 gold pieces.
You donated 20 gold pieces to Zin.

Inventory:

Hand Weapons
 a - a +0 war axe (weapon)
 b - a +0 hunting sling
Missiles
 h - 151 stones (quivered)
Armour
 c - a +0 shield (worn)
 d - a +0 scale mail (worn)
Jewellery
 p - a ring of protection from magic (left hand)
 u - a +4 amulet of reflection (around neck)
 A - an uncursed amulet of rage
Wands
 w - a wand of acid (14)
Scrolls
 e - 4 scrolls of teleportation
 j - 2 scrolls of remove curse {unknown}
 o - a scroll of magic mapping
 q - a scroll of identify
 r - a scroll of immolation {unknown}
 v - a scroll of blinking {unknown}
 y - a scroll of fog {unknown}
 z - a scroll of amnesia {unknown}
Potions
 g - a potion of haste
 i - a potion of berserk rage
 k - a potion of cancellation {unknown}
 l - 2 potions of heal wounds {unknown}
 m - 2 potions of brilliance {unknown}
 n - 4 potions of curing {unknown}
 s - a potion of mutation {unknown}
 t - a potion of invisibility {unknown}
 x - a potion of degeneration {unknown}
 B - a potion of ambrosia {unknown}
Comestibles
 f - 5 rations
 C - 3 chunks of flesh


   Skills:
 + Level 5.0 Fighting
 + Level 4.0 Axes
 + Level 1.0 Slings
 + Level 4.8 Armour
 + Level 4.9 Shields
 + Level 0.0 Invocations


You had 4 spell levels left.
You didn't know any spells.
Your spell library contained the following spells:

 Spells                   Type           Power        Failure   Level  Hunger
 Freeze                   Ice            #...         99%         1    ##.....
 Throw Frost              Conj/Ice       #.....       99%         2    ###....
 Ozocubu's Armour         Chrm/Ice       #.......     100%        3    ####...
 Summon Ice Beast         Ice/Summ       #.......     100%        4    #####..
 Throw Icicle             Conj/Ice       #.......     100%        4    #####..


Dungeon Overview and Level Annotations

Branches:
Dungeon (5/15)
 Temple: D:4-7

Altars:
Sif Muna
Zin

Annotations:
D:4 Blork the orc


Innate Abilities, Weirdness & Mutations

You reflexively headbutt those who attack you in melee.
You have a pair of horns on your head.


Message History

The orc priest is heavily wounded.
The orc priest mumbles some strange prayers to Beogh against you.
Beogh smites you!
* * * LOW HITPOINT WARNING * * *
You hit the orc priest.
The orc priest is severely wounded.
The orc priest calls down the wrath of Beogh upon you.
Beogh smites you!
* * * LOW HITPOINT WARNING * * *
The orc priest hits you. Zin protects you from harm!
It was a potion of berserk rage.
A red film seems to cover your vision as you go berserk!
You feel yourself moving faster!
You feel mighty! The orc priest barely misses you.
You closely miss the orc priest.
The orc priest is severely wounded.
The orc priest mumbles some strange prayers to Beogh against you.
Beogh smites you!
You die...

#. .# ##.#####.#
.........# .........#
.........# .........
......)o########
.......†@.....?.. ...#
#.#.#####.###.## ...#
#.#.# #.# ..# #.#.# #.#
..# #.#.# #.# #.# #.#.#
#.# #.# #.#.# #.#
#####.###.#.#####.######.
.........................


You could see an orc priest.

Vanquished Creatures
  An orc priest (D:5)
  An orc wizard (D:3)
  A worker ant (D:5)
  4 adders
  3 worms (D:2)
  A dart slug (D:2)
  A leopard gecko (D:3)
  7 orcs
  6 bats
  3 giant cockroaches
  15 goblins
  8 hobgoblins
  14 jackals
  A quokka (D:2)
  2 ball pythons (D:3)
  5 frilled lizards
  3 kobolds
  8 rats
84 creatures vanquished.

Notes
Turn   | Place    | Note
-------+----------+-------------------------------------------
     0 | D:1      | teukkam the Minotaur Fighter began the quest for the Orb.
     0 | D:1      | Reached XP level 1. HP: 19/19 MP: 0/0
   115 | D:1      | Reached XP level 2. HP: 27/27 MP: 1/1
   220 | D:1      | Reached skill level 4 in Fighting
   539 | D:3      | Reached XP level 3. HP: 33/33 MP: 2/2
   704 | D:4      | Noticed Blork the orc
   718 | D:4      | Found a deep blue altar of Sif Muna.
   971 | D:3      | Reached XP level 4. HP: 38/41 MP: 3/3
  1932 | D:3      | Found a glowing silver altar of Zin.
  1940 | D:3      | Became a worshipper of Zin the Law-Giver
  1940 | D:3      | Reached * piety under Zin
  2287 | D:3      | Reached XP level 5. HP: 47/47 MP: 4/4
  2696 | D:5      | Entered Level 5 of the Dungeon
  2770 | D:5      | Reached skill level 5 in Fighting
  2770 | D:5      | Reached skill level 1 in Slings
  2776 | D:5      | HP: 1/48 [orc priest/divine providence (12)]
  2776 | D:5      | Zin protects you from harm!
  2778 | D:5      | Killed from afar by an orc priest

Skill      XL: |  1  2  3  4  5 |
---------------+----------------+-----
Fighting       | 4 5 |  5.0
Shields        | 4 |  4.9
Armour         | 4 |  4.8
Axes           | 3 4 |  4.0
Slings         | 1 |  1.0

Action                   |  1- 3 |  4- 6 || total
-------------------------+-------+-------++-------
Melee: War axe           |    80 |   119 ||   199
       Headbutt          |     4 |    15 ||    19
 Fire: Hunting sling     |       |     2 ||     2
Throw: Stone             |     5 |       ||     5
  Use: Scroll            |     4 |     1 ||     5
       Potion            |     1 |     1 ||     2
  Eat: Chunk             |       |     5 ||     5
       Ration            |       |     1 ||     1
Armor: Scale mail        |    41 |    32 ||    73
Dodge: Dodged            |    22 |    33 ||    55
Block: Shield            |    51 |    98 ||   149
       Reflection        |       |     6 ||     6
